[ AOE2 MATCH · #480740138 ]
UnrankedSaracens vs Malay
Player's team · LOSS
Rival team · WIN
[ REPLAY ANALYSIS · EXTRACTED FROM THE RECORDED GAME ]
Feudal
9:53
Castle
20:14
Imperial
—
| APM avg | 16.8 |
| APM peak | 43 |
| eAPM avg | 12.7 |
| Villagers / military | 80 / 33 |
Focus
⚔️ 19.9% · 🌾 80.1%
Archer ×18 · Monk ×5 · Knight ×5 · Skirmisher ×5
Feudal
9:21
Castle
21:58
Imperial
—
| APM avg | 27.1 |
| APM peak | 54 |
| eAPM avg | 14.6 |
| Villagers / military | 75 / 76 |
Focus
⚔️ 28.9% · 🌾 71.1%
Battle Elephant ×23 · Karambit Warrior ×21 · Scorpion ×12 · Archer ×10 · Scout Cavalry ×5 · Spearman ×3
Match map
Initial resources + every placement click. Lines = walls · curves = elevation contours. ◆ gold · ⬟ stone · ● berries · ✦ relic · ◌ wall gap
Your base· Open — 7t gap
◄ Bikar ►'s base· Open — 7t gap
Smoothed initial terrain · ◌ = detected wall gap · hover for details
Inputs per minute
— santa7785 - - ◄ Bikar ►
Build order — santa7785
First 150 of 186 actions detected
| 0:00 | Create | Villager (Male) |
| 0:01 | Create | Villager (Male) |
| 0:01 | Create | Villager (Male) |
| 0:01 | Create | Villager (Male) |
| 0:02 | Build | House |
| 0:04 | Build | House |
| 1:23 | Create | Villager (Male) |
| 2:01 | Build | Lumber Camp |
| 2:08 | Create | Villager (Male) |
| 2:17 | Create | Villager (Male) |
| 2:39 | Build | House |
| 2:40 | Build | House |
| 2:55 | Create | Villager (Male) |
| 2:55 | Create | Villager (Male) |
| 3:20 | Create | Villager (Male) |
| 3:20 | Create | Villager (Male) |
| 3:52 | Create | Villager (Male) |
| 4:20 | Create | Villager (Male) |
| 4:21 | Create | Villager (Male) |
| 4:43 | Create | Villager (Male) |
| 4:43 | Create | Villager (Male) |
| 4:50 | Build | Mill |
| 5:13 | Create | Villager (Male) |
| 5:13 | Create | Villager (Male) |
| 5:24 | Create | Villager (Male) |
| 5:24 | Create | Villager (Male) |
| 5:53 | Create | Villager (Male) |
| 6:18 | Create | Villager (Male) |
| 6:43 | Research | Loom |
| 7:22 | Build | Lumber Camp |
| 7:40 | Research | Feudal Age |
| 9:02 | Build | Barracks |
| 9:03 | Build | House |
| 9:32 | Create | Villager (Male) |
| 9:37 | Create | Villager (Male) |
| 9:53 | Age | Feudal Age |
| 10:02 | Build | Archery Range |
| 10:05 | Build | House |
| 10:07 | Create | Villager (Male) |
| 10:29 | Research | Double-Bit Axe |
| 10:51 | Create | Archer |
| 10:51 | Create | Archer |
| 11:24 | Build | Mining Camp |
| 11:38 | Build | Palisade Wall |
| 11:56 | Create | Villager (Male) |
| 11:57 | Create | Villager (Male) |
| 12:16 | Build | Farm |
| 12:20 | Build | Farm |
| 12:21 | Build | Farm |
| 12:31 | Create | Villager (Male) |
| 12:36 | Research | Horse Collar |
| 12:41 | Create | Archer |
| 12:41 | Create | Archer |
| 12:53 | Build | Farm |
| 13:09 | Create | Villager (Male) |
| 13:14 | Build | Farm |
| 13:32 | Create | Archer |
| 13:39 | Build | Farm |
| 13:43 | Build | Farm |
| 13:46 | Create | Villager (Male) |
| 13:46 | Create | Villager (Male) |
| 14:07 | Build | Blacksmith |
| 14:08 | Build | House |
| 14:12 | Create | Villager (Male) |
| 14:16 | Create | Archer |
| 14:37 | Build | Farm |
| 14:41 | Build | Farm |
| 14:44 | Create | Villager (Male) |
| 14:57 | Create | Archer |
| 15:11 | Build | Farm |
| 15:25 | Build | House |
| 15:26 | Build | House |
| 15:31 | Create | Villager (Male) |
| 15:55 | Research | Fletching |
| 16:04 | Build | Farm |
| 16:10 | Build | Farm |
| 16:14 | Create | Villager (Male) |
| 16:14 | Create | Villager (Male) |
| 16:20 | Build | House |
| 17:34 | Research | Castle Age |
| 17:54 | Create | Archer |
| 17:54 | Create | Archer |
| 17:55 | Create | Archer |
| 17:59 | Research | Town Watch |
| 18:03 | Create | Skirmisher |
| 18:04 | Create | Skirmisher |
| 18:28 | Build | Archery Range |
| 18:42 | Research | Padded Archer Armor |
| 18:58 | Build | House |
| 19:05 | Create | Skirmisher |
| 19:50 | Build | House |
| 19:54 | Create | Archer |
| 19:55 | Create | Skirmisher |
| 19:55 | Create | Skirmisher |
| 20:03 | Build | Farm |
| 20:14 | Age | Castle Age |
| 20:20 | Research | Crossbowman (upgrade) |
| 20:37 | Create | Villager (Male) |
| 20:38 | Create | Villager (Male) |
| 20:45 | Build | Town Center |
| 20:53 | Create | Villager (Male) |
| 21:36 | Create | Archer |
| 21:36 | Create | Archer |
| 22:11 | Research | Bodkin Arrow |
| 22:16 | Create | Villager (Male) |
| 22:16 | Create | Villager (Male) |
| 22:26 | Build | Farm |
| 22:27 | Build | Farm |
| 22:28 | Build | Farm |
| 22:30 | Build | Farm |
| 22:31 | Build | Farm |
| 22:35 | Create | Villager (Male) |
| 22:36 | Create | Villager (Male) |
| 23:12 | Build | Stable |
| 23:17 | Build | Farm |
| 23:20 | Create | Villager (Male) |
| 23:20 | Create | Villager (Male) |
| 23:31 | Create | Villager (Male) |
| 23:31 | Create | Villager (Male) |
| 23:56 | Create | Villager (Male) |
| 24:10 | Create | Archer |
| 24:11 | Create | Archer |
| 24:11 | Create | Archer |
| 24:16 | Create | Villager (Male) |
| 24:16 | Create | Villager (Male) |
| 24:16 | Create | Villager (Male) |
| 24:23 | Build | House |
| 24:26 | Build | House |
| 25:00 | Research | Leather Archer Armor |
| 25:18 | Research | Bloodlines |
| 25:20 | Create | Knight |
| 25:31 | Create | Villager (Male) |
| 25:31 | Create | Villager (Male) |
| 25:43 | Build | Monastery |
| 25:48 | Create | Villager (Male) |
| 25:52 | Create | Villager (Male) |
| 26:19 | Create | Villager (Male) |
| 26:24 | Create | Villager (Male) |
| 26:32 | Create | Monk |
| 26:39 | Create | Knight |
| 26:41 | Create | Knight |
| 26:44 | Create | Villager (Male) |
| 26:50 | Build | House |
| 26:52 | Build | House |
| 27:04 | Create | Villager (Male) |
| 27:05 | Create | Villager (Male) |
| 27:17 | Build | Castle |
| 27:20 | Create | Villager (Male) |
| 27:20 | Create | Villager (Male) |
| 27:25 | Create | Archer |
Build order — ◄ Bikar ►
First 150 of 234 actions detected
| 0:02 | Build | House |
| 0:04 | Create | Villager (Male) |
| 0:04 | Create | Villager (Male) |
| 0:04 | Create | Villager (Male) |
| 0:06 | Build | House |
| 0:50 | Create | Villager (Male) |
| 0:50 | Create | Villager (Male) |
| 1:27 | Create | Villager (Male) |
| 1:27 | Create | Villager (Male) |
| 2:02 | Build | Lumber Camp |
| 2:08 | Create | Villager (Male) |
| 2:08 | Create | Villager (Male) |
| 2:12 | Research | Loom |
| 2:24 | Create | Villager (Male) |
| 2:25 | Create | Villager (Male) |
| 2:52 | Create | Villager (Male) |
| 2:52 | Create | Villager (Male) |
| 3:16 | Create | Villager (Male) |
| 3:48 | Build | House |
| 3:59 | Build | House |
| 4:09 | Create | Villager (Male) |
| 4:10 | Create | Villager (Male) |
| 4:10 | Create | Villager (Male) |
| 4:50 | Build | Mill |
| 5:08 | Create | Villager (Male) |
| 5:08 | Create | Villager (Male) |
| 5:08 | Create | Villager (Male) |
| 5:09 | Create | Villager (Male) |
| 5:45 | Create | Villager (Male) |
| 5:47 | Research | Loom |
| 6:38 | Create | Villager (Male) |
| 6:53 | Build | House |
| 7:06 | Create | Villager (Male) |
| 7:08 | Research | Loom |
| 7:36 | Build | Barracks |
| 7:45 | Research | Feudal Age |
| 8:35 | Create | Villager (Male) |
| 8:36 | Create | Villager (Male) |
| 9:21 | Age | Feudal Age |
| 9:30 | Build | Archery Range |
| 9:39 | Build | Palisade Wall |
| 9:40 | Build | Palisade Wall |
| 9:46 | Research | Double-Bit Axe |
| 10:02 | Build | Mining Camp |
| 10:16 | Create | Spearman |
| 10:27 | Build | Palisade Wall |
| 10:35 | Create | Villager (Male) |
| 10:35 | Create | Villager (Male) |
| 10:35 | Create | Villager (Male) |
| 10:36 | Create | Villager (Male) |
| 10:36 | Create | Villager (Male) |
| 10:38 | Create | Archer |
| 10:39 | Create | Archer |
| 11:15 | Build | Palisade Wall |
| 11:44 | Create | Archer |
| 11:44 | Create | Archer |
| 11:53 | Build | Market |
| 11:57 | Build | House |
| 12:05 | Research | Horse Collar |
| 12:08 | Create | Villager (Male) |
| 12:08 | Create | Villager (Male) |
| 12:09 | Create | Villager (Male) |
| 12:14 | Build | Farm |
| 12:19 | Build | Farm |
| 12:31 | Create | Archer |
| 12:31 | Create | Archer |
| 12:53 | Build | Farm |
| 12:57 | Create | Archer |
| 13:07 | Create | Spearman |
| 13:15 | Build | House |
| 13:20 | Build | House |
| 13:27 | Build | Farm |
| 13:36 | Build | Farm |
| 13:55 | Build | Lumber Camp |
| 14:03 | Create | Villager (Male) |
| 14:03 | Create | Villager (Male) |
| 14:03 | Create | Villager (Male) |
| 14:04 | Create | Villager (Male) |
| 14:08 | Build | Farm |
| 14:18 | Build | Farm |
| 14:24 | Build | House |
| 14:28 | Create | Archer |
| 14:35 | Create | Villager (Male) |
| 14:35 | Create | Villager (Male) |
| 14:58 | Build | Farm |
| 15:04 | Build | Farm |
| 15:06 | Build | Farm |
| 15:21 | Create | Archer |
| 15:21 | Create | Archer |
| 15:31 | Create | Spearman |
| 15:46 | Create | Villager (Male) |
| 15:47 | Create | Villager (Male) |
| 15:47 | Create | Villager (Male) |
| 15:57 | Build | Farm |
| 15:59 | Build | Farm |
| 16:01 | Build | Farm |
| 16:13 | Build | Blacksmith |
| 16:48 | Create | Villager (Male) |
| 16:48 | Create | Villager (Male) |
| 16:48 | Create | Villager (Male) |
| 16:48 | Create | Villager (Male) |
| 17:23 | Build | House |
| 17:25 | Build | House |
| 17:59 | Build | Farm |
| 18:00 | Build | Farm |
| 18:00 | Build | Farm |
| 18:01 | Build | Farm |
| 18:03 | Build | Farm |
| 18:17 | Build | Palisade Wall |
| 18:24 | Build | Palisade Wall |
| 18:29 | Create | Villager (Male) |
| 18:29 | Create | Villager (Male) |
| 18:29 | Create | Villager (Male) |
| 18:31 | Create | Villager (Male) |
| 18:39 | Build | Farm |
| 18:39 | Build | Farm |
| 18:40 | Build | Farm |
| 18:40 | Build | Farm |
| 18:40 | Build | Farm |
| 18:52 | Build | Mining Camp |
| 20:00 | Build | Palisade Gate |
| 20:23 | Research | Castle Age |
| 20:41 | Build | Stable |
| 20:44 | Build | Stable |
| 21:08 | Create | Skirmisher |
| 21:08 | Create | Skirmisher |
| 21:21 | Create | Villager (Male) |
| 21:21 | Create | Villager (Male) |
| 21:58 | Age | Castle Age |
| 22:05 | Research | Husbandry |
| 22:09 | Create | Battle Elephant |
| 22:09 | Create | Battle Elephant |
| 22:10 | Create | Battle Elephant |
| 22:10 | Create | Battle Elephant |
| 22:10 | Create | Battle Elephant |
| 22:10 | Create | Battle Elephant |
| 22:19 | Build | Watch Tower |
| 22:24 | Build | Mining Camp |
| 22:40 | Build | Palisade Wall |
| 22:41 | Create | Villager (Male) |
| 22:45 | Create | Villager (Male) |
| 22:50 | Create | Villager (Male) |
| 22:50 | Create | Villager (Male) |
| 23:07 | Research | Bow Saw |
| 23:25 | Build | Siege Workshop |
| 23:34 | Create | Villager (Male) |
| 23:34 | Create | Villager (Male) |
| 23:40 | Build | House |
| 23:42 | Build | House |
| 23:44 | Build | House |
Match timeline
| 7:36 | ◄ Bikar ► · first_building Barracks |
| 9:02 | santa7785 · first_building Barracks |
| 9:21 | ◄ Bikar ► · age_up feudal |
| 9:30 | ◄ Bikar ► · first_building Archery Range |
| 9:39 | ◄ Bikar ► · wall_segment Palisade Wall x1 |
| 9:40 | ◄ Bikar ► · wall_segment Palisade Wall x1 |
| 9:53 | santa7785 · age_up feudal |
| 10:02 | santa7785 · first_building Archery Range |
| 10:27 | ◄ Bikar ► · wall_segment Palisade Wall x3 |
| 11:15 | ◄ Bikar ► · wall_segment Palisade Wall x6 |
| 11:38 | santa7785 · wall_segment Palisade Wall x11 |
| 18:17 | ◄ Bikar ► · wall_segment Palisade Wall x8 |
| 18:24 | ◄ Bikar ► · wall_segment Palisade Wall x10 |
| 20:14 | santa7785 · age_up castle |
| 20:41 | ◄ Bikar ► · first_building Stable |
| 21:58 | ◄ Bikar ► · age_up castle |
| 22:40 | ◄ Bikar ► · wall_segment Palisade Wall x9 |
| 23:12 | santa7785 · first_building Stable |
| 23:25 | ◄ Bikar ► · first_building Siege Workshop |
| 25:43 | santa7785 · first_building Monastery |
| 27:17 | santa7785 · first_building Castle |
| 27:25 | ◄ Bikar ► · first_market_sell 100 food |
| 29:06 | ◄ Bikar ► · wall_segment Palisade Wall x7 |
| 29:38 | ◄ Bikar ► · first_building Castle |
| 32:40 | santa7785 · resign |
[ AI ANALYSIS · 1 CREDIT ]
What really happened in this match?
Wolo.gg analyzes every decision: build order, eco, micro, common mistakes by bracket. Personalized analysis on WhatsApp or Discord in 30 seconds.
Civ guide
Saracens
Perfil
Jugador #23239780